 Dungeon Crawl Stone Soup version 0.28-a0-1412-gf95308ed99 (webtiles) character file.

Game seed: 8302389268851044550

53 Deminshera the Vexing (level 3, -3/20 HPs)
             Began as a Deep Elf Arcane Marksman on Jan 7, 2022.
             Slain by an adder (5 damage)
             ... on level 2 of the Dungeon.
             The game lasted 00:01:47 (1749 turns).

Deminshera the Vexing (Deep Elf Arcane Marksman)    Turns: 1749, Time: 00:01:48

Health: -3/20      AC:  2    Str:  7    XL:     3   Next: 64%
Magic:  9/9        EV: 12    Int: 19    God:
Gold:   23         SH:  0    Dex: 15    Spells: 3/7 levels left

rFire   . . .      SeeInvis .   a - +0 shortbow
rCold   . . .      Faith    .   (shield currently unavailable)
rNeg    . . .      Spirit   .   d - +0 robe
rPois   .          Reflect  .   (no helmet)
rElec   .          Harm     .   (no cloak)
rCorr   .          Rampage  .   (no gloves)
Will    .....                   (no boots)
Stlth   ++........              (no amulet)
HPRegen 0.06/turn               (no ring)
MPRegen 0.11/turn               (no ring)

@: lethally poisoned (-3 -> -11)
A: no striking features
a: no special abilities


You were on level 2 of the Dungeon.
You visited 1 branch of the dungeon, and saw 2 of its levels.

You collected 23 gold pieces.

Inventory:

Hand Weapons
 a - a +0 shortbow (weapon)
Missiles
 c - an arrow (quivered ammo)
Armour
 d - a +0 robe (worn)
Scrolls
 e - a scroll of identify {unknown}
 f - 2 scrolls of summoning {unknown}
 g - a scroll of holy word {unknown}
 i - a scroll of vulnerability {unknown}
 j - a scroll of noise {unknown}
Potions
 b - a potion of brilliance {unknown}
 h - a potion of heal wounds {unknown}


   Skills:
 - Level 0.7 Fighting
 + Level 3.4 Bows
 - Level 2.4 Dodging
 - Level 2.0 Stealth
 + Level 2.7 Spellcasting
 + Level 4.6 Hexes
 + Level 0.4 Fire Magic


You had 3 spell levels left.
You knew the following spells:

 Your Spells              Type           Power      Damage    Failure   Level
a - Slow                  Hex            80%        N/A       2%          1
b - Inner Flame           Hex/Fire       12%        N/A       17%         3

Your spell library contained the following spells:

 Spells                   Type           Power      Damage    Failure   Level
 Portal Projectile        Hex/Tloc       22%        N/A       19%         3
 Static Discharge         Conj/Air       2%         N/A       24%         2
 Cause Fear               Hex            10%        N/A       24%         4
 Sticky Flame             Conj/Fire      3%         2d3       80%         4
 Dispel Undead            Necr           2%         3d7       83%         4


Dungeon Overview and Level Annotations

Branches:
Dungeon (2/15)

Altars:

Shops:
D:1 !


Message History

Your Stealth skill increases to level 2!
c - 8 arrows (gained 2)
You see here a dart slug corpse.
An adder comes into view.
You shoot an arrow.
The arrow hits the adder but does no damage.
The adder hisses angrily.
You shoot an arrow. The arrow closely misses the adder.
You shoot an arrow. The arrow hits the adder.
The adder is heavily wounded.
The adder bites you.
You are poisoned.
The adder poisons you! The adder bites you.
Fire: 5 arrows
Press: ? - help, Q - select action, (/) - cycle Shift-Dir - straight line, f/p - adder
Aim: an adder (heavily wounded, 40% to hit)
You shoot an arrow. The arrow closely misses the adder.
You feel sick. The adder bites you but does no damage.
Fire: 4 arrows
Press: ? - help, Q - select action, (/) - cycle Shift-Dir - straight line, f/p - adder
Aim: an adder (heavily wounded, 40% to hit)
You shoot an arrow. The arrow barely misses the adder.
You feel sick. The adder bites you.
Fire: 3 arrows
Press: ? - help, Q - select action, (/) - cycle Shift-Dir - straight line, f/p - adder
Aim: an adder (heavily wounded, 40% to hit)
You shoot an arrow. The arrow barely misses the adder.
You feel sick. The adder bites you.
* * * LOW HITPOINT WARNING * * *
The adder bites you.
* * * LOW HITPOINT WARNING * * *
You are lethally poisoned!
The adder poisons you!
Fire: 2 arrows
Press: ? - help, Q - select action, (/) - cycle Shift-Dir - straight line, f/p - adder
Aim: an adder (heavily wounded, 40% to hit)
You shoot an arrow. The arrow closely misses the adder.
* * * LOW HITPOINT WARNING * * *
You feel sick. The adder bites you.
You die...

.#.### #♣..♣♣ .#.#
♣♣..♣♣ ...######
♣♣♣♣♣♣# ♣...♣
#......♣♣.....♣♣♣♣..♣
##....♣...♣♣♣......8♣
#......♣♣♣♣.♣♣♣.⌠.._♣
..####†......♣♣.....8♣
###...♣♣♣.♣♣♣♣..♣
#.@♣♣... ♣.♣♣ ###S.♣♣
.♣♣ ..# . (... (###.
.# # .# .#


You could see an adder.

Vanquished Creatures
  A gnoll (D:1)
  4 dart slugs
  4 bats (D:1)
  4 endoplasms (D:1)
  A giant cockroach (D:1)
  2 goblins (D:1)
  4 hobgoblins (D:1)
  A ball python (D:1)
  A frilled lizard (D:1)
  3 kobolds (D:1)
  11 rats (D:1)
36 creatures vanquished.

Notes
Turn   | Place    | Note
-------+----------+-------------------------------------------
     0 | D:1      | Deminshera the Deep Elf Arcane Marksman began the quest for
                  | the Orb.
     0 | D:1      | Reached XP level 1. HP: 11/11 MP: 5/5
   406 | D:1      | Reached skill level 1 in Stealth
   406 | D:1      | Reached XP level 2. HP: 16/16 MP: 7/7
   670 | D:1      | Reached XP level 3. HP: 20/20 MP: 8/8
   695 | D:1      | Learned a level 3 spell: Inner Flame
  1474 | D:1      | Found Kaikhlej's Distillery.
  1713 | D:2      | Found a faded altar of an unknown god.
  1749 | D:2      | Slain by an adder

Illustrated notes

Levels and vault maps discovered:
D:1:      sevenhm_arrival_forest_fort_small_6, layout_loops_corners,
          serial_shops, nicolae_shop_hallway_plus, minmay_rat_gold_closets
D:2:      layout_loops_ring, shapermc_ecumenical_altar_totnotflames

Skill      XL: |  1  2  3 |
---------------+----------+-----
Bows           | 3 |  3.4
Stealth        | 1 2 |  2.0
Spellcasting   | 2 |  2.7
Fighting       | |  0.7
Dodging        | |  2.4
Hexes          | |  4.6
Fire Magic     | |  0.4

Action                   || total
-------------------------++-------
 Fire: Shortbow          ||   105
Armor: Robe              ||    11
Dodge: Dodged            ||    22

Table legend: (Time is in decaauts)
 A = Elapsed time spent in this place.
 B = Non-inter-level travel time spent in this place.
 C = Inter-level travel time spent in this place.
 D = Time resting spent in this place.
 E = Time spent auto-exploring this place.
 F = Levels seen in this place.
 G = Mean time per level.
                   A        B        C        D        E       F      G
               +--------+--------+--------+--------+--------+-----+--------+
         Total |   1764 |   1762 |      2 |    518 |   1038 |   2 |  882.0 |
       Dungeon |   1764 |   1762 |      2 |    518 |   1038 |   2 |  882.0 |
               +--------+--------+--------+--------+--------+-----+--------+

Top non-repeatable levels by time:
     D:1: 1688 daAuts
     D:2: 75 daAuts
